 Dungeon Crawl Stone Soup version 0.29.1-12-g30fa7ad0bf (webtiles) character file.

Game seed: 5709365849475437203

5541 FexLirch the Thaumaturge (level 10, -5/73 HPs)
             Began as a Demigod Earth Elementalist on Jan 5, 2023.
             Slain by an acid dragon (9 damage)
             ... on level 8 of the Dungeon.
             The game lasted 00:16:52 (8953 turns).

FexLirch the Thaumaturge (DgEE)                     Turns: 8953, Time: 00:16:52

Health: -5/73      AC:  7    Str:  9    XL:     10   Next: 20%
Magic:  1/29       EV: 11    Int: 29    God:
Gold:   378        SH:  0    Dex: 14    Spells: 19/30 levels left

rFire   . . .      SeeInvis .   f - +1 dagger (elec)
rCold   . . .      Faith    .   l - orb {light}
rNeg    . . .      Spirit   .   B - +0 acid dragon scales
rPois   .          Reflect  .   (no helmet)
rElec   .          Harm     .   (no cloak)
rCorr   +          Rampage  .   F - +0 pair of gloves
Will    +....                   (no boots)
Stlth   +.........              (no amulet)
HPRegen 0.22/turn               z - +4 ring of protection
MPRegen 0.21/turn               (no ring)

@: corroded, glowing
A: high MP 1, forlorn, divine attributes
a: no special abilities


You were on level 8 of the Dungeon.
You visited 1 branch of the dungeon, and saw 9 of its levels.

You collected 378 gold pieces.

Inventory:

Hand Weapons
 f - a +1 dagger of electrocution (weapon)
 s - a +3 scythe of venom
Missiles
 a - 5 curare-tipped darts
 g - 22 poisoned darts
 v - 7 javelins
Armour
 h - a +3 chain mail of fire resistance
 k - the +0 ring mail "Zyaj" {Rampage Dex+9}
   (You found it on level 2 of the Dungeon)

   Dex:       It affects your dexterity (+9).
   Rampage:   It bestows one free step when moving towards enemies.
 l - an orb of light (worn)
 t - a +0 robe of resistance
 B - +0 acid dragon scales (worn)
 F - a +0 pair of gloves (worn)
Jewellery
 z - a +4 ring of protection (left hand)
Wands
 r - a wand of flame (24)
 x - a wand of acid (6)
 E - a wand of polymorph (12)
Scrolls
 e - 5 scrolls of teleportation {unknown}
 n - 2 scrolls of enchant weapon {unknown}
 o - 2 scrolls of magic mapping {unknown}
 p - 7 scrolls of identify
 q - 2 scrolls of vulnerability
 u - 2 scrolls of poison {unknown}
 y - a scroll of amnesia {unknown}
 A - 3 scrolls of immolation {unknown}
 C - a scroll of torment {unknown}
 D - 4 scrolls of fear {unknown}
Potions
 b - 2 potions of magic
 c - a potion of flight {unknown}
 d - a potion of lignification {unknown}
 i - 2 potions of heal wounds {unknown}
 j - 3 potions of haste {unknown}
 m - a potion of berserk rage {unknown}
 w - a potion of might {unknown}


   Skills:
 + Level 2.1 Fighting
 + Level 2.9 Dodging
 - Level 1.7 Stealth
 * Level 10.8 Spellcasting
 + Level 4.7 Conjurations
 + Level 2.4 Transmutations
 - Level 6.0 Earth Magic


You had 19 spell levels left.
You knew the following spells:

 Your Spells              Type           Power      Damage    Failure   Level
a - Sandblast             Erth           100%       2d20      1%          1
b - Passwall              Tmut/Erth      33%        N/A       1%          2
c - Stone Arrow           Conj/Erth      92%        3d12      1%          3
d - Irradiate             Conj/Tmut      18%        3d17      36%         5

Your spell library contained the following spells:

 Spells                   Type           Power      Damage    Failure   Level
 Ensorcelled Hibernation  Hex/Ice        30%        N/A       9%          2
 Sublimation of Blood     Necr           15%        N/A       9%          2
 Petrify                  Tmut/Erth      40%        N/A       10%         4
 Spider Form              Tmut/Pois      22%        N/A       11%         3
 Tukima's Dance           Hex            15%        N/A       17%         3
 Anguish                  Hex/Necr       7%         N/A       50%         4
 Passage of Golubria      Tloc           15%        N/A       50%         4
 Yara's Violent Unravell  Hex/Tmut       11%        3d6       67%         5


Dungeon Overview and Level Annotations

Branches:
Dungeon (9/15)             Temple (0/1) D:6
   Lair: D:8-11         Orc: D:9-12

Shops:
D:4 :


Innate Abilities, Weirdness & Mutations

You have an increased reservoir of magic. (+10% MP)
You shall have no god before yourself.
Your divine heritage dramatically boosts your attributes as you level up.


Message History

You hit the ice beast but do no damage.
The ice beast is almost dead.
The ice beast hits you but does no damage.
The acid dragon spits acid at you. The splash of acid misses you.
You hit the ice beast but do no damage.
The ice beast is almost dead.
The ice beast hits you. The ice beast freezes you!
Casting: Stone Arrow (safe; 1% risk of failure)
Confirm with . or Enter, or press ? or * to list all spells.
Aiming: Sandblast (safe; 1% risk of failure)
Press: ? - help, Shift-Dir - straight line, f - acid dragon, p - ice beast
Aim: an acid dragon (haloed, 88% to hit)
The blast of sand hits the acid dragon.
The acid dragon is lightly wounded.
The ice beast hits you but does no damage.
The acid dragon spits acid at you. The splash of acid hits you. You resist.
The acid corrodes you!
Casting: Sandblast (safe; 1% risk of failure)
Confirm with . or Enter, or press ? or * to list all spells.
Aiming: Sandblast (safe; 1% risk of failure)
Press: ? - help, Shift-Dir - straight line, f/p - acid dragon
Aim: an acid dragon (catching its breath, haloed, 88% to hit)
The blast of sand hits the acid dragon!
The acid dragon is moderately wounded.
The ice beast hits you. The ice beast freezes you!
* * * LOW HITPOINT WARNING * * *
The acid dragon closely misses you.
The acid dragon claws you but does no damage.
The ice beast barely misses you. The acid dragon bites you!
* * * LOW HITPOINT WARNING * * *
The acid dragon claws you.
* * * LOW HITPOINT WARNING * * *
Okay, then.
Unknown command.
You hit the ice beast but do no damage.
Lightning courses through the ice beast!
You kill the ice beast!
The acid dragon bites you!
You die...

#.. ..# #.# .. #..## # #
..# #..### #. ##..#
#..... ...######...#
##...# ..........>.
#.<## ##.......#..#
##.## #.....D@##...##
###..###
#........##...###......#
.........###............
..........###.....#.....
...........##.)####...##
...........)#).# #...##
...........)...# #.....
###...#....)...###......
#...####...........####


You could see an acid dragon.

Vanquished Creatures
  Maggie (D:6)
  2 kobold demonologists
  A hornet (D:8)
  3 yaks (D:8)
  Sigmund (D:3)
  2 wyverns
  A steam dragon (D:6)
  Menkaure (D:5)
  A water moccasin (D:9)
  Edmund (D:6)
  Duvessa (D:6)
  An orc warrior (D:8)
  4 ice beasts
  3 sky beasts
  2 ogres
  2 kobold brigands (D:7)
  2 phantoms (D:5)
  4 bullfrogs
  A necrophage (D:4)
  3 scorpions
  4 wights
  Dowan (D:6)
  4 killer bees (D:7)
  3 howler monkeys
  5 hounds
  3 orc priests
  Crazy Yiuf (D:4)
  2 jellies
  Jessica (D:2)
  Ijyb (D:3)
  3 iguanas
  Natasha (twice) (D:3)
  3 orc wizards
  8 gnolls (D:4)
  15 adders
  A shadow imp (D:6)
  A white imp (D:6)
  2 dart slugs
  36 orcs
  14 ball pythons
  3 bats
  5 endoplasms
  5 giant cockroaches
  9 goblins
  10 hobgoblins
  5 jackals
  3 quokkas
  2 frilled lizards (D:1)
  16 kobolds
  7 rats
212 creatures vanquished.

Vanquished Creatures (others)
  A fungus (D:8)
  2 plants (D:8)
3 creatures vanquished.

Grand Total: 215 creatures vanquished

Notes
Turn   | Place    | Note
-------+----------+-------------------------------------------
     0 | D:1      | FexLirch the Demigod Earth Elementalist began the quest for
                  | the Orb.
     0 | D:1      | Reached XP level 1. HP: 14/14 MP: 5/5
   270 | D:1      | Reached skill level 2 in Spellcasting
   332 | D:1      | Reached XP level 2. HP: 20/20 MP: 5/7
   806 | D:1      | Reached skill level 1 in Conjurations
  1329 | D:2      | Reached XP level 3. HP: 26/26 MP: 7/9
  1334 | D:2      | Learned a level 2 spell: Passwall
  1338 | D:2      | Learned a level 3 spell: Stone Arrow
  1477 | D:2      | Identified the +1 scale mail of Vuoli {Harm rCorr Str-4
                  | Slay+3}
  1519 | D:2      | Noticed Jessica
  1525 | D:2      | Killed Jessica
  1660 | D:2      | Identified the +0 ring mail "Zyaj" {Rampage Dex+9}
  2180 | D:3      | Noticed Natasha
  2181 | D:3      | Reached XP level 4. HP: 33/33 MP: 8/10
  2183 | D:3      | Killed Natasha
  2422 | D:3      | Noticed Sigmund
  2423 | D:3      | Noticed Ijyb
  2426 | D:3      | Killed Sigmund
  2427 | D:3      | Reached skill level 3 in Spellcasting
  2427 | D:3      | Reached XP level 5. HP: 27/38 MP: 9/13
  2437 | D:3      | Killed Ijyb
  2889 | D:3      | Reached XP level 6. HP: 40/45 MP: 7/14
  3326 | D:3      | Noticed Natasha
  3330 | D:3      | Killed Natasha
  3516 | D:4      | Found Vaoqygan's Self-Improvement Boutique.
  3667 | D:4      | Reached skill level 4 in Spellcasting
  4285 | D:4      | Reached skill level 5 in Earth Magic
  4285 | D:4      | Reached XP level 7. HP: 48/50 MP: 13/16
  4418 | D:4      | Found a runed translucent door.
  4419 | D:4      | Noticed Crazy Yiuf
  4889 | D:4      | Killed Crazy Yiuf
  4937 | D:5      | Entered Level 5 of the Dungeon
  5178 | D:5      | Identified the +0 robe of Tender Moments {rF- rC+ rN++
                  | Str+2}
  5232 | D:5      | Reached skill level 5 in Spellcasting
  5501 | D:5      | Reached XP level 8. HP: 57/57 MP: 7/20
  5725 | D:5      | Noticed Menkaure
  5729 | D:5      | Killed Menkaure
  5730 | D:5      | Reached skill level 6 in Spellcasting
  5946 | D:6      | Noticed Edmund
  5951 | D:6      | Killed Edmund
  5969 | D:5      | Reached skill level 7 in Spellcasting
  6412 | D:6      | Found a staircase to the Ecumenical Temple.
  6416 | D:6      | Noticed Maggie
  6424 | D:6      | Killed Maggie
  6425 | D:6      | Reached skill level 8 in Spellcasting
  6633 | D:6      | Reached XP level 9. HP: 62/62 MP: 15/25
  7100 | D:6      | Noticed Duvessa
  7115 | D:6      | Reached skill level 9 in Spellcasting
  7129 | D:6      | Noticed Dowan
  7130 | D:6      | Killed Duvessa
  7132 | D:6      | Killed Dowan
  7591 | D:7      | Reached skill level 10 in Spellcasting
  8247 | D:8      | Reached skill level 1 in Transmutations
  8390 | D:7      | Reached skill level 1 in Fighting
  8811 | D:9      | Learned a level 5 spell: Irradiate
  8827 | D:9      | Reached XP level 10. HP: 72/72 MP: 22/29
  8952 | D:8      | HP: 3/73 [acid dragon (1)]
  8953 | D:8      | Slain by an acid dragon

Illustrated notes

Levels and vault maps discovered:
D:1:      tarquinn_simple_flora_water_f, layout_basic
D:2:      layout_loops_cross, basic_altar, roderic_serpentine_path, uniq_jessica
D:3:      layout_basic, nemelex_diamond_rough_becter, lemuel_doored_altar,
          basic_ecumenical_altar, eino_curves_01, minmay_snake_closets,
          uniq_sigmund, uniq_natasha, uniq_ijyb
D:4:      layout_basic, nicolae_ru_the_path_less_chosen,
          grunt_temple_overflow_open, grunt_ministairs_9,
          nicolae_shop_self_help, uniq_crazy_yiuf_cottage
D:5:      layout_gridville, gammafunk_temple_overflow_forgotten,
          grunt_ministairs_14, uniq_menkaure
D:6:      layout_basic, okawaru_trees_1, minmay_temple_entry_antechambers,
          uniq_edmund, uniq_maggie, uniq_duvessa
D:7:      layout_basic
D:8:      layout_layer_cave, dpeg_oklobed_lair
D:9:      layout_stronghold, mainiacjoe_overflow_surrounded_room,
          kennysheep_crisscross

Skill      XL: |  1  2  3  4  5  6  7  8  9 10 |
---------------+-------------------------------+-----
Spellcasting   | 2 3 4 5 8 10 | 10.8
Earth Magic    | 3 4 5 6 |  6.0
Conjurations   | 1 2 3 4 |  4.7
Dodging        | 2 |  2.9
Transmutations | 1 2 |  2.4
Fighting       | 1 2 |  2.1
Stealth        | |  1.7

Action                   |  1- 3 |  4- 6 |  7- 9 | 10-12 || total
-------------------------+-------+-------+-------+-------++-------
Melee: Unarmed           |     3 |       |       |       ||     3
       Short sword       |     3 |       |       |       ||     3
       Dagger            |     7 |    11 |     8 |     9 ||    35
Throw: Javelin           |       |       |     4 |       ||     4
 Cast: Sandblast         |    52 |    99 |    85 |    11 ||   247
       Stone Arrow       |       |     3 |    75 |    10 ||    88
       Passwall          |       |       |     5 |       ||     5
Evoke: Wand              |       |       |     2 |       ||     2
  Use: Scroll            |       |     3 |       |       ||     3
Armor: Robe              |     4 |       |       |       ||     4
       Ring mail         |     3 |    20 |    14 |       ||    37
       Leather armour    |     2 |       |       |       ||     2
       Acid dragon scale |       |       |     6 |     8 ||    14
Dodge: Dodged            |    20 |    38 |    34 |    12 ||   104
